 Dungeon Crawl Stone Soup version 0.17-a0-915-g8914353 (webtiles) character file.

19726 krabocopter the Covert (level 12, -4/78 HPs)
             Began as a Demonspawn Assassin on May 4, 2015.
             Was a Believer of Ashenzari.
             Shot with an arrow by a centaur warrior (10 damage)
             ... on level 13 of the Dungeon.
             The game lasted 01:18:51 (14930 turns).

krabocopter the Covert (Demonspawn Assassin)       Turns: 14930, Time: 01:18:52

Health: -4/78      AC: 15    Str: 23      XL:     12   Next: 39%
Magic:  12/12      EV: 22    Int: 12      God:    Ashenzari [**....]
Gold:   732        SH:  0    Dex: 18 (19) Spells: 0 memorised, 11 levels left

rFire  x . .     SeeInvis .     I - +8 hand crossbow "Norhaw" {velocity, +Blink rF- Str+10 Int-4}
rCold  . . .     Clarity  .     v - +2 leather armour {rPois}
rNeg   . . .     SustAb   .     (no shield)
rPois  +         Gourm    .     U - +0 helmet (curse)
rElec  .         Spirit   .     d - +0 cloak (curse)
rCorr  .         Warding  .     w - +1 pair of gloves (curse)
rMut   .         Stasis   .     E - +0 pair of boots (curse)
MR     .....                    (no amulet)
Stlth  +++++.....               j - +4 ring of dexterity (curse)
                                s - +5 ring of protection (curse)

@: not resistant to hostile enchantments, quite stealthy
A: talons 1, repulsion field 1, spiny 2, rot immunity
a: Scrying, Renounce Religion, Evoke Blink


You were on level 13 of the Dungeon.
You worshipped Ashenzari.
Ashenzari was pleased with you.
You were not hungry.

You visited 2 branches of the dungeon, and saw 14 of its levels.

You collected 754 gold pieces.
You spent 22 gold pieces at shops.

Inventory:

Hand weapons
 b - a +0 blowgun
 l - a +1 short sword of venom
 r - a +0 morningstar of protection
 F - a +2 scythe of flaming
 I - the +8 hand crossbow "Norhaw" (weapon) {velocity, +Blink rF- Str+10 Int-4}
   (You found it on level 7 of the Dungeon)

   Any bolt fired from it inflicts extra damage.
   It affects your strength (+10).
   It affects your intelligence (-4).
   It makes you vulnerable to fire.
   It lets you blink.
Missiles
 e - 79 poisoned needles
 f - 2 curare-tipped needles
 m - 12 tomahawks of dispersal
 P - 35 bolts (quivered)
Armour
 d - a cursed +0 cloak (worn)
 v - a +2 leather armour of poison resistance (worn)
 w - a cursed +1 pair of gloves (worn)
 E - a cursed +0 pair of boots (worn)
 U - a cursed +0 helmet (worn)
Magical staves
 O - an uncursed staff of cold
 T - an uncursed staff of earth
Jewellery
 c - a +4 ring of intelligence
 j - a cursed +4 ring of dexterity (right hand)
 s - a cursed +5 ring of protection (left hand)
Magical devices
 G - a wand of polymorph (6)
 K - a wand of fireball (10)
 M - a wand of flame (26)
 N - a wand of hasting (4)
Scrolls
 k - a scroll of blinking {unknown}
 n - a scroll of magic mapping {unknown}
 o - a scroll of curse weapon
 t - 10 scrolls of identify
 u - 2 scrolls of amnesia {unknown}
 y - 2 scrolls of enchant weapon {unknown}
 z - a scroll of fog {unknown}
 A - 2 scrolls of immolation {unknown}
 B - a scroll of vulnerability {unknown}
 C - a scroll of recharging {unknown}
 D - 4 scrolls of remove curse
 J - a scroll of brand weapon {unknown}
 R - a scroll of summoning {unknown}
 Y - a scroll of silence {unknown}
Potions
 a - a potion of invisibility {unknown}
 i - a potion of agility
 p - 5 potions of curing
 Q - a potion of poison
 V - 3 potions of degeneration
 X - a potion of brilliance {unknown}
Books
 L - a book of Dreams

   Spells                             Type                      Level
   a - Ensorcelled Hibernation        Hexes/Ice                    2
   b - Flight                         Charms/Air                   3
   c - Phase Shift                    Translocation                5
   d - Shadow Creatures               Summoning                    5
   e - Mass Confusion                 Hexes                        6
   f - Darkness                       Hexes                        7
Comestibles
 g - 10 bread rations
 h - 11 beef jerkies
 q - 2 royal jellies
 x - 4 meat rations
 S - 2 slices of pizza
 W - 3 chunks of flesh


   Skills:
 - Level 2.0 Fighting
 - Level 10.0 Short Blades
 + Level 8.6 Crossbows
 - Level 1.7 Throwing
 - Level 10.2 Dodging
 - Level 10.9 Stealth


You had 11 spell levels left.
You didn't know any spells.

Dungeon Overview and Level Annotations

Branches:
Dungeon (13/15)            Temple (1/1) D:5            Lair (0/8) D:10
    Orc (0/4) D:12
 Vaults: D:13-14

Altars:
Ashenzari
Cheibriados
Dithmenos
Elyvilon
Fedhas
Gozag
Kikubaaqudgha
Makhleb
Nemelex Xobeh
Okawaru
Qazlal
Ru
Sif Muna
Trog
Vehumet
Xom
Yredelemnul
Zin
The Shining One

Shops:
D:4 **(?!   D:5 %   D:10 *

Annotations:
D:4 OrbSeeker's ghost, experienced OgGl
D:9 exclusions: ice statue and obsidian statue, crauler's ghost, experienced FeTm
D:13 exclusion: 2 obsidian statues


Innate Abilities, Weirdness & Mutations

You have sharp toenails.
You are surrounded by a mild repulsion field (EV +2).
You are mostly covered in sharp spines.
You are immune to rotting.


Message History

The centaur warrior shoots an arrow.
The arrow misses you.
The centaur warrior shoots an arrow.
The arrow completely misses you.
There's something blocking the doorway.
There's something blocking the doorway.
Unknown command.
The centaur warrior shoots an arrow.
The arrow completely misses you.
Drink which item? (? for menu, Esc to quit)
It was a potion of degeneration.
There was something very wrong with that liquid.
You feel clumsy.
Quiver which item? (- for none, * to show all) (? for menu, Esc to quit)
Okay, then.
Drink which item? (? for menu, Esc to quit)
It was a potion of poison.
You feel slightly nauseous.
Read which item? (? for menu, Esc to quit)
Okay, then.
Drink which item? (? for menu, Esc to quit)
It was a potion of cure mutation.
It has a very clean taste.
The centaur warrior shoots an arrow.
The arrow hits you!
You die...

...#.##.....###+###...##.....####
...#.##.##.......##...##o..#.#..#
...#)##.##.........(((.o)o.o{o{((
...+())...............o#o..#.#oo#
...#)##'##..##...##..{##.....####
?.....#.##..##'######c##...#.##∆,
......+..........c((..##......#∆
'##..(#.##....(..##.(.##......#,
..#...#.##......@####+##......#∆
..#...+.....##...##...##......#∆∆
#'#.(.#+##..###+###...##......###
..#......#.......##...##........#
..#......#..##...##...###.....#..
#+#......+..##...###+###.........
..##+#...#.......#.....#.........
..##.#...##'###'##.....'...#....#
#'##.#.................#'###....#


You could see a centaur warrior.

Vanquished Creatures
  2 centaur warriors (D:13)
  A wolf spider zombie (D:13)
  2 ugly things
  A manticore (D:13)
  A cyclops (D:13)
  A gargoyle (D:13)
  2 kobold demonologists (D:13)
  A troll (D:10)
  4 slime creatures (D:13)
  A two-headed ogre (D:11)
  A trapdoor spider zombie (D:12)
  Sigmund (D:6)
  A wyvern (D:8)
  A deep elf fighter (D:13)
  A hungry ghost (D:13)
  Grum (D:11)
  4 vampire mosquitoes (D:13)
  A steam dragon (D:12)
  26 yaks
  2 hippogriffs (D:11)
  2 wolves (D:11)
  A soldier ant (D:11)
  3 wargs (D:12)
  5 orc warriors
  An ice beast (D:12)
  2 sky beasts
  3 wasps
  A necrophage (D:13)
  A phantom (D:5)
  2 crocodiles
  10 ogres
  4 big kobolds (D:13)
  8 centaurs
  2 wyvern zombies
  6 giant frogs
  A water moccasin zombie (D:10)
  30 killer bees
  5 scorpions
  4 hounds
  10 wights
  A wasp zombie (D:8)
  4 crimson imps
  A giant frog skeleton (D:6)
  2 jellies
  5 orc wizards
  A quasit (D:7)
  4 orc priests
  6 centaur skeletons
  4 iguanas
  A killer bee zombie (D:8)
  17 worker ants
  2 hound zombies
  2 hound skeletons
  A mummy (D:4)
  2 worker ant zombies (D:6)
  8 adders
  12 gnolls
  3 shadow imps
  An ooze (D:7)
  An adder skeleton (D:4)
  2 worms (D:2)
  5 giant geckos
  38 orcs
  10 bats
  3 bat zombies
  8 giant cockroaches
  11 hobgoblins
  12 jackals
  28 kobolds
  2 quokkas
  A ball python (D:1)
  A giant gecko skeleton (D:4)
  2 giant newts
  12 goblins
  18 rats
  13 ballistomycetes
400 creatures vanquished.

Vanquished Creatures (others)
  An orc (D:7)
  8 giant spores
9 creatures vanquished.

Grand Total: 409 creatures vanquished

Notes
Turn   | Place    | Note
--------------------------------------------------------------
     0 | D:1      | krabocopter, the Demonspawn Assassin, began the quest for the Orb.
     0 | D:1      | Reached XP level 1. HP: 16/16 MP: 1/1
   435 | D:1      | Gained mutation: You have sharp toenails. [demonic ancestry]
   435 | D:1      | Reached XP level 2. HP: 15/22 MP: 2/2
   466 | D:1      | Reached skill level 4 in Stealth
   555 | D:1      | Reached skill level 1 in Short Blades
   772 | D:1      | Reached XP level 3. HP: 23/27 MP: 3/3
  1509 | D:2      | Gained mutation: You are surrounded by a mild repulsion field (EV +2). [demonic ancestry]
  1509 | D:2      | Reached XP level 4. HP: 19/33 MP: 4/4
  2819 | D:4      | Found Teotun's Magic Scroll Shop.
  2830 | D:4      | Noticed OrbSeeker's ghost (experienced OgGl)
  3111 | D:4      | Found Ubal's General Store.
  3138 | D:4      | Reached skill level 5 in Stealth
  3138 | D:4      | Reached XP level 5. HP: 29/38 MP: 5/5
  3239 | D:4      | Found Binuxt's Distillery.
  3321 | D:4      | Bought a scroll of identify for 22 gold pieces
  3395 | D:4      | Reached XP level 6. HP: 33/44 MP: 6/6
  3444 | D:4      | Found Qoawkot's General Store.
  3545 | D:4      | Found Ytteb's Antique Weapon Boutique.
  3688 | D:5      | Entered Level 5 of the Dungeon
  3742 | D:5      | Reached skill level 6 in Stealth
  3893 | D:5      | Reached XP level 7. HP: 40/50 MP: 7/7
  3961 | D:5      | Found a staircase to the Ecumenical Temple.
  3975 | Temple   | Entered the Ecumenical Temple
  4149 | Temple   | Became a worshipper of Ashenzari the Shackled
  4268 | D:5      | Found Uroeth Osta's Food Emporium.
  4284 | D:5      | Found a shadowy altar of Dithmenos.
  4376 | D:5      | Reached skill level 5 in Short Blades
  4452 | D:5      | Reached skill level 7 in Stealth
  4773 | D:6      | Noticed Sigmund
  4845 | D:6      | Killed Sigmund
  4845 | D:6      | Gained mutation: You are partially covered in sharp spines. [demonic ancestry]
  4845 | D:6      | Reached XP level 8. HP: 29/56 MP: 8/8
  5138 | D:6      | Reached skill level 8 in Stealth
  5848 | D:7      | Got the hand crossbow "Norhaw" {velocity, +Blink rF- Str+10 Int-4}
  5849 | D:7      | Identified the +8 hand crossbow "Norhaw" {velocity, +Blink rF- Str+10 Int-4} (You found it on level 7 of the Dungeon)
  6263 | D:7      | Reached skill level 9 in Stealth
  6467 | D:7      | Gained mutation: You are immune to rotting. [demonic ancestry]
  6467 | D:7      | Reached XP level 9. HP: 54/61 MP: 9/9
  6570 | D:7      | Found a shimmering altar of Xom.
  6714 | D:7      | Found an opulent altar of Gozag.
  6730 | D:7      | Found a burning altar of Makhleb.
  7435 | D:8      | Reached skill level 10 in Stealth
  7750 | D:8      | Found an ancient bone altar of Kikubaaqudgha.
  7751 | D:8      | Found a blossoming altar of Fedhas.
  8557 | D:9      | Noticed crauler's ghost (experienced FeTm)
  8685 | D:9      | Reached XP level 10. HP: 12/67 MP: 10/10
  9050 | D:9      | Noticed an obsidian statue
  9373 | D:8      | Reached skill level 10 in Short Blades
  9418 | D:8      | Reached skill level 1 in Dodging
  9773 | D:9      | Noticed an ice statue
 10058 | D:9      | Reached skill level 5 in Dodging
 10691 | D:10     | Entered Level 10 of the Dungeon
 10876 | D:10     | Found a staircase to the Lair.
 11312 | D:10     | Found Ynleelakh's General Store.
 11681 | D:11     | Noticed Grum
 11888 | D:11     | Gained mutation: You are mostly covered in sharp spines. [demonic ancestry]
 11888 | D:11     | Reached XP level 11. HP: 72/72 MP: 11/11
 11893 | D:11     | Noticed a cyan ugly thing
 11910 | D:11     | Killed a cyan ugly thing
 12000 | D:11     | Acquired Ashenzari's first power
 12416 | D:11     | Killed Grum
 12480 | D:11     | Noticed a fire giant
 13207 | D:12     | Found a staircase to the Orcish Mines.
 13458 | D:12     | Reached skill level 10 in Dodging
 13685 | D:13     | Noticed a centaur warrior
 13704 | D:13     | Killed a centaur warrior
 13827 | D:13     | Found an iron altar of Okawaru.
 14021 | D:13     | Reached skill level 5 in Crossbows
 14051 | D:13     | Reached XP level 12. HP: 42/78 MP: 12/12
 14169 | D:13     | Noticed an obsidian statue
 14171 | D:13     | Noticed an obsidian statue
 14896 | D:13     | Noticed a centaur warrior
 14901 | D:13     | Noticed a centaur warrior
 14904 | D:13     | Killed a centaur warrior
 14930 | D:13     | Shot with an arrow by a centaur warrior

Action                   |  1- 3 |  4- 6 |  7- 9 | 10-12 || total
-------------------------+-------+-------+-------+-------++-------
Melee: Short sword       |   105 |   192 |   542 |   563 ||  1402
       Dagger            |     7 |       |       |       ||     7
 Fire: Hand crossbow     |       |       |       |   160 ||   160
Evoke: Wand              |       |     1 |       |       ||     1
  Use: Potion            |     2 |     3 |     1 |     7 ||    13
       Scroll            |       |     1 |     2 |     8 ||    11
 Stab: Sleeping          |    10 |    10 |    15 |    20 ||    55
       Distracted        |       |       |     2 |       ||     2
  Eat: Chunk             |     2 |     8 |    12 |    19 ||    41
       Pizza             |       |       |     2 |       ||     2
       Fruit             |       |       |       |     2 ||     2
